[Event "Early-Titled-Tuesday-Blitz-May-28-2024"]
[Site "Chess.com"]
[Date "2024.05.28"]
[Round "6"]
[White "GOGIEFF"]
[Black "crescentmoon2411"]
[Result "1-0"]
[WhiteElo "3019"]
[BlackElo "2890"]
[TimeControl "180+1"]
[EndTime "9:07:32 PDT"]
[Termination "GOGIEFF won by resignation"]

1. c4 e6 2. Nc3 d5 3. d4 a6 4. cxd5 exd5 5. Bf4 Nf6 6. e3 Bd6 7. h3 Bxf4 8. exf4 O-O 9. Nf3 Re8+ 10. Be2 Nbd7 11.
O-O Nf8 12. Ne5 c6 13. Bd3 N6d7 14. Qd2 f6 15. Nf3 Nb6 16. f5 Nc4 17. Qc2 Nd6 18. Rfe1 Bd7 19. Na4 Qc7 20. Nc5 Rxe1+ 21. Rxe1 Re8 22.
Rxe8 Bxe8 23. b4 a5 24. a3 axb4 25. axb4 b6 26. Na4 c5 27. Nxb6 c4 28. Nxd5 Qb7 29.
Be4 Qb5 30. Nc7 Qxb4 31. Nxe8 Nxe8 32. Bd5+ Kh8 33. Bxc4 Nd6 34. Bd3 Qb8 35. Qc6 g6 36. fxg6 hxg6 37. Nh4 Kg7 38. Bxg6 Nxg6 39. Qd7+ Nf7 40.
Nf5+ Kg8 41. Qe6 Qd8 42. Nh6+ Kg7 43. Nxf7 Qxd4 44. Nd6 Qa1+ 45. Kh2 Qe5+ 46. Qxe5 Nxe5 47. f4 1-0

[Event "Early-Titled-Tuesday-Blitz-May-28-2024"]
[Site "Chess.com"]
[Date "2024.05.28"]
[Round "6"]
[White "ImportedItalianMaple"]
[Black "ploxoi"]
[Result "0-1"]
[WhiteElo "2524"]
[BlackElo "2383"]
[TimeControl "180+1"]
[EndTime "9:07:33 PDT"]
[Termination "ploxoi won on time"]

1. e4 c5 2. Nf3 e6 3. g3 Nc6 4. Bg2 d5 5. exd5 Qxd5 6. O-O Nge7 7. c4 Qd8 8. b4 Nxb4 9. d4 cxd4 10. Ba3 Nbc6 11.
Re1 Bd7 12. Nbd2 Qa5 13. Qb3 g6 14. Ne4 Ng8 15. Bxf8 Kxf8 16. Qxb7 Rd8 17. Nd6 Nf6 18. Qb3 Kg7 19. Nb7 Qc7 20. Nxd8 Rxd8 21. c5 e5 22.
Rac1 Be6 23. Qa4 Nd5 24. Ng5 Bf5 25. a3 h6 26. Ne4 Bxe4 27. Bxe4 f5 28. Bg2 e4 29.
Qc4 d3 30. Red1 Qe5 31. Rb1 Rd7 32. Rb3 Rc7 33. Qa4 Nc3 34. Rxc3 Qxc3 35. Qb5 Nd4 36. Qb8 Ne2+ 37. Kf1 Qxc5 38. Qb2+ Qc3 39. Qb5 Kh7 40.
g4 Qc2 41. Re1 d2 42. Qxe2 dxe1=Q+ 43. Qxe1 Qc1 44. gxf5 gxf5 45. Bh3 Kg6 0-1

[Event "Early-Titled-Tuesday-Blitz-May-28-2024"]
[Site "Chess.com"]
[Date "2024.05.28"]
[Round "6"]
[White "KononenkoD"]
[Black "JaloliddinIlkhomi"]
[Result "1/2-1/2"]
[WhiteElo "2601"]
[BlackElo "2788"]
[TimeControl "180+1"]
[EndTime "9:07:35 PDT"]
[Termination "Game drawn by repetition"]

1. d4 Nf6 2. c4 e6 3. g3 Bb4+ 4.
Bd2 Qe7 5. Bg2 d5 6. Nf3 O-O 7. O-O Bxd2 8. Nbxd2 c6 9. Qc2 Nbd7 10. Rfe1 b6 11. e4 dxe4 12. Nxe4 Nxe4 13. Rxe4 Bb7 14. Rh4 h6 15. Re1 Rad8 16. Rhe4 Nf6 17. R4e2 Qc7 18.
c5 bxc5 19. Qxc5 Nd7 20. Qc3 Qb6 21. b4 Rc8 22. Ne5 Nxe5 23. Rxe5 Rfd8 24. Rc5 Rd6 25. b5 Rcd8 26. bxc6 Ba6 27. c7 Rc8 28. h4 Bb7 29. Bxb7 Qxb7 30. Rc1 Rd7 31. a4 Qe4 32. Rb5 Rdxc7 33.
Qxc7 Rxc7 34. Rxc7 Qxd4 35. Rb8+ Kh7 36. Rbb7 Qxa4 37.
Rxa7 Qd1+ 38. Kg2 Qd5+ 39. Kg1 Qd1+ 40. Kg2 Qd5+ 41. Kg1 Qd1+ 1/2-1/2

[Event "Early-Titled-Tuesday-Blitz-May-28-2024"]
[Site "Chess.com"]
[Date "2024.05.28"]
[Round "6"]
[White "Actuary44"]
[Black "ozates"]
[Result "1/2-1/2"]
[WhiteElo "2478"]
[BlackElo "2637"]
[TimeControl "180+1"]
[EndTime "9:07:35 PDT"]
[Termination "Game drawn by repetition"]

1. e4 c5 2. d4 cxd4 3. c3 d3 4.
Bxd3 Nc6 5. f4 g6 6. Nf3 Bg7 7. O-O d6 8. Kh1 Nf6 9. Qe1 O-O 10. Be3 d5 11. e5 Ne4 12. Nbd2 Nxd2 13. Bxd2 Bg4 14. Rd1 Bxf3 15. Rxf3 e6 16. Be3 f6 17. Bc5 Re8 18. exf6 Qxf6 19. Bb5 Rad8 20. Bxc6 bxc6 21.
Bxa7 e5 22. fxe5 Qe7 23. Qe3 Bxe5 24. Re1 Qd7 25. Qf2 Bg7 26. Rfe3 Rf8 27. Re7 Qg4 28. Qe2 Qxe2 29. R7xe2 Ra8 30. Re7 Bf6 31. Rc7 Bd8 32.
Rd7 Bh4 33. g3 Bf6 34. Rc7 Bd8 35. Rd7 Bf6 36. Bc5 Rfb8 37. Ba3 Bxc3 38. bxc3 Rxa3 39. Ree7 Rxa2 40. Rg7+ Kf8 41. Rgf7+ Ke8 42. Rfe7+ Kf8 43. Rf7+ Ke8 44. Rfe7+ Kf8 45. Rf7+ 1/2-1/2

[Event "Early-Titled-Tuesday-Blitz-May-28-2024"]
[Site "Chess.com"]
[Date "2024.05.28"]
[Round "6"]
[White "KnightDuta"]
[Black "Nitzan_Steinberg"]
[Result "0-1"]
[WhiteElo "2722"]
[BlackElo "2905"]
[TimeControl "180+1"]
[EndTime "9:07:36 PDT"]
[Termination "Nitzan_Steinberg won by resignation"]

1. e4 c5 2. Nf3 d6 3. d4 cxd4 4. Nxd4 Nf6 5. Nc3 a6 6. f3 e6 7. Be3 b5 8. Qe2 Bb7 9. g4 Nfd7 10. O-O-O Be7 11. a3 Ne5 12. Qf2 Nbd7 13. h4 Rc8 14. g5 Rxc3 15. bxc3 Qa5 16. Kb2 d5 17. Ra1 Nb6 18. Nb3 Na4+ 19. Kc1 Qxc3 20. Bd4 Qc7 21. f4 Nc4 22. Bxg7 Rg8 23. Bd4 dxe4 24. Bxc4 bxc4 25.
Be5 Qc8 26. Qd4 Bd5 27. Re1 Qd7 28. Rxe4 Bxe4 29. Qxe4 cxb3 30. cxb3 Nc5 31. Qa8+ Qd8 32. Qxd8+ Kxd8 33. Kc2 Kd7 34. Rd1+ Kc6 35. b4 Nd7 36. Bb2 Rc8 37. Kb3 Nb6 38. a4 Nd5 39. Ba3 Rb8 40. Rd4 Bxb4 41. Rc4+ Kd7 42. Bxb4 a5 43.
Rc5 Rxb4+ 44. Ka3 Rxf4 45. Rxa5 Rxh4 46. Ra7+ Nc7 47. Rb7 Rg4 48. a5 Rxg5 49. Kb4 Kc8 50. Rb6 Nd5+ 51. Kc5 Nxb6+ 52. Kxb6 Rxa5 53. Kc6 Rd5 0-1

[Event "Early-Titled-Tuesday-Blitz-May-28-2024"]
[Site "Chess.com"]
[Date "2024.05.28"]
[Round "6"]
[White "jaskol95"]
[Black "ASKA538"]
[Result "1-0"]
[WhiteElo "2521"]
[BlackElo "2374"]
[TimeControl "180+1"]
[EndTime "9:07:37 PDT"]
[Termination "jaskol95 won on time"]

1. e4 c5 2. Nf3 g6 3. c3 Nf6 4.
Be2 Nxe4 5. d4 cxd4 6. Qxd4 Nf6 7. O-O Nc6 8. Qh4 Bg7 9. Bh6 O-O 10. Nbd2 d5 11.
Rad1 e5 12. Ng5 Ne7 13. g4 Bxh6 14. Qxh6 Kh8 15. Nde4 Neg8 16. Qh4 Kg7 17. Ng3 h6 18. f4 hxg5 19. fxg5 Nh7 20. Ne4 Qb6+ 21. Nf2 Qe3 22. Rd3 Qxg5 23. Qg3 Be6 24. h4 Qf4 25. Qg2 e4 26.
Rg3 Nhf6 27. Nh3 Qe5 28. h5 d4 29. g5 Nxh5 30. Bxh5 gxh5 31. g6 f5 32. Nf4 Nf6 33.
Rg5 dxc3 34. bxc3 Qxc3 35. Nxe6+ Kg8 36. Rgxf5 Qe3+ 37. Kh1 Qb6 38. Nxf8 Rxf8 39. g7 Rf7 40. Qg6 e3 41. Qxf7+ Kxf7 42. Rxf6+ Qxf6 43. Rxf6+ Kxf6 44. g8=Q 1-0

[Event "Early-Titled-Tuesday-Blitz-May-28-2024"]
[Site "Chess.com"]
[Date "2024.05.28"]
[Round "6"]
[White "Jospem"]
[Black "Durarbayli"]
[Result "0-1"]
[WhiteElo "3023"]
[BlackElo "2916"]
[TimeControl "180+1"]
[EndTime "9:07:38 PDT"]
[Termination "Durarbayli won by checkmate"]

1. e4 e5 2. Nc3 Nc6 3. Nf3 Nf6 4. g3 Bc5 5. Bg2 d6 6. d3 a6 7. h3 h6 8. Be3 Bxe3 9. fxe3 Ne7 10. O-O Ng6 11. Qe1 Be6 12. Kh2 O-O 13. Rd1 b5 14. Ne2 a5 15. g4 Bxg4 16. hxg4 Nxg4+ 17. Kg1 Nxe3 18. Qg3 Kh7 19. Bh3 Nxd1 20. Rxd1 d5 21.
Bf5 dxe4 22. Bxe4 Ra6 23. Qg4 Kh8 24. Kh1 Rf6 25. Rg1 Qe7 26. Nh4 Kg8 27. Nf5 Qc5 28.
Neg3 Qf2 29. Nh5 Rxf5 30. Bxf5 e4 31. dxe4 Rd8 32. Bxg6 fxg6 33. Nf4 g5 34. Nd5 Rf8 35.
Rg2 Qe1+ 36. Kh2 Rf1 37. Qe6+ Kh8 38. Qc8+ Kh7 39. Nf6+ gxf6 40. Qg4 h5 41. Qd7+ Kh6 42. Rf2 Rxf2+ 43. Kh3 Qe3# 0-1

[Event "Early-Titled-Tuesday-Blitz-May-28-2024"]
[Site "Chess.com"]
[Date "2024.05.28"]
[Round "6"]
[White "zajka-molotok"]
[Black "jens1102"]
[Result "0-1"]
[WhiteElo "2533"]
[BlackElo "2714"]
[TimeControl "180+1"]
[EndTime "9:07:38 PDT"]
[Termination "jens1102 won on time"]

1. e4 c5 2. c3 Nf6 3. e5 Nd5 4. Nf3 Nc6 5. Bc4 e6 6. d4 cxd4 7. cxd4 d6 8. O-O dxe5 9. dxe5 Be7 10. Qe2 O-O 11. Rd1 Qa5 12. Bd2 Qb6 13. Nc3 Nxc3 14.
Bxc3 Bb4 15. Rac1 a5 16. Bd3 Bxc3 17. Rxc3 g6 18. h4 a4 19. h5 Ra5 20. Rd2 Rc5 21.
Rxc5 Qxc5 22. Qe4 Rd8 23. Qf4 Nd4 24. Ng5 Qe7 25. hxg6 fxg6 26. Ne4 Nf5 27. Nf6+ Kh8 28. Bxf5 exf5 29. Rxd8+ Qxd8 30. Qh4 Qe7 31. Qc4 Be6 32. Qxa4 Kg7 33. Qa8 Bc4 34. Qb8 Bxa2 35. Ne8+ Kh6 36. f4 Qc5+ 37. Kh2 Qf2 38. e6 Bxe6 39. Qe5 Qh4+ 40. Kg1 Qe7 41. Qxf5 gxf5 0-1

[Event "Early-Titled-Tuesday-Blitz-May-28-2024"]
[Site "Chess.com"]
[Date "2024.05.28"]
[Round "6"]
[White "ljuks68"]
[Black "GrotBchess"]
[Result "1-0"]
[WhiteElo "2423"]
[BlackElo "2585"]
[TimeControl "180+1"]
[EndTime "9:07:38 PDT"]
[Termination "ljuks68 won by checkmate"]

1. e4 c5 2. Nf3 e6 3. d4 cxd4 4.
Nxd4 Nf6 5. Nc3 Nc6 6. Nxc6 bxc6 7. e5 Nd5 8. Ne4 Bb7 9. Be2 c5 10. O-O Qc7 11. f4 c4 12. Bf3 Bc5+ 13. Nxc5 Qxc5+ 14. Kh1 O-O 15. c3 Rab8 16. Qe2 Bc6 17. Be4 f5 18. exf6 Nxf6 19. Be3 Qb5 20. Bxc6 Qxc6 21. Bd4 a6 22. Rae1 Rb5 23. Qf2 Rf5 24. Qg3 Rf7 25. Re5 Ne4 26. Qg4 d5 27. Rxf5 exf5 28. Qe2 Rb7 29. g4 Qe6 30.
gxf5 Qxf5 31. Qg2 g6 32. Be5 Nc5 33. Qxd5+ Rf7 34. Qxc5 Qe4+ 35. Kg1 Qe2 36. Qd5 Qe3+ 37. Kg2 h5 38. Qxc4 h4 39. h3 Qg3+ 40. Kh1 Qxh3+ 41. Kg1 Qg3+ 42. Kh1 Qh3+ 43. Kg1 Qg3+ 44. Kh1 h3 45. Qe2 Rd7 46. Rg1 Qh4 47. Rxg6+ Kh7 48. Rg4 Qe7 49.
Qe4+ Kh6 50. Qg6# 1-0

[Event "Early-Titled-Tuesday-Blitz-May-28-2024"]
[Site "Chess.com"]
[Date "2024.05.28"]
[Round "6"]
[White "Barmen_EV"]
[Black "briesmas"]
[Result "1-0"]
[WhiteElo "2562"]
[BlackElo "2402"]
[TimeControl "180+1"]
[EndTime "9:07:39 PDT"]
[Termination "Barmen_EV won on time"]

1. e4 c5 2. c3 d6 3. d4 cxd4 4. cxd4 Nf6 5. Nc3 e6 6. Nf3 Be7 7. Bd3 O-O 8. O-O Nc6 9. Re1 a6 10. Qe2 e5 11. d5 Nb8 12. Bg5 b5 13. Rac1 Nbd7 14. b4 Nb6 15. a3 Bg4 16. Nb1 h6 17. Bh4 Rc8 18. h3 Bh5 19. g4 Bg6 20. Nbd2 Na4 21.
Bxf6 Bxf6 22. Nb3 Qb6 23. Na5 Bg5 24. Nxg5 hxg5 25. Nc6 Kh7 26. Qd2 f6 27. Kg2 Be8 28. Ne7 Rxc1 29. Rxc1 Bd7 30. h4 gxh4 31. Qe3 Qxe3 32.
fxe3 Re8 33. Nf5 Bxf5 34. gxf5 Kh6 35. Kf3 Nb6 36. Rc7 Na4 37. Rc6 Rd8 38. Rxa6 Nb2 39. Bxb5 Kg5 40. Ra7 Rg8 41. Bd7 h3 42. Be6 h2 43. Kg2 Nc4 44. Bxg8 Nxe3+ 45. Kxh2 1-0

[Event "Early-Titled-Tuesday-Blitz-May-28-2024"]
[Site "Chess.com"]
[Date "2024.05.28"]
[Round "6"]
[White "WindWhistler11"]
[Black "MrLion3000"]
[Result "0-1"]
[WhiteElo "2544"]
[BlackElo "2778"]
[TimeControl "180+1"]
[EndTime "9:07:40 PDT"]
[Termination "MrLion3000 won on time"]

1. Nf3 d5 2. g3 Nf6 3. c4 e6 4.
Bg2 d4 5. e3 c5 6. exd4 cxd4 7. O-O Nc6 8. d3 Be7 9. Re1 Nd7 10. Na3 e5 11. Nc2 a5 12. Rb1 O-O 13.
a3 a4 14. Bd2 f6 15. Bb4 Kh8 16. Nh4 Nxb4 17. axb4 f5 18. Qh5 Bxh4 19. Qxh4 Qxh4 20. gxh4 Ra6 21. f4 exf4 22. Nxd4 Rg6 23. Ne6 f3 24. Nxf8 Rxg2+ 25. Kf1 Nf6 26. Re3 Rxh2 27.
Rbe1 Kg8 28. Ne6 Bxe6 29. Rxf3 Kf7 30. Re5 Rxb2 31. Rb5 a3 32. Rxb7+ Kg6 33. Ra7 a2 34. Rg3+ Ng4 35. Rg1 f4 36. Ra6 Kf5 37. Ra5+ Kf6 38. Ra4 f3 0-1

[Event "Early-Titled-Tuesday-Blitz-May-28-2024"]
[Site "Chess.com"]
[Date "2024.05.28"]
[Round "6"]
[White "BashiqChess"]
[Black "theoneandonlydaaevik"]
[Result "1-0"]
[WhiteElo "2435"]
[BlackElo "2597"]
[TimeControl "180+1"]
[EndTime "9:07:40 PDT"]
[Termination "BashiqChess won on time"]

1. Nf3 Nf6 2. b3 g6 3. Bb2 Bg7 4. g3 b6 5. Bg2 Bb7 6. O-O O-O 7. c4 c5 8. d4 d5 9. dxc5 dxc4 10. Qxd8 Rxd8 11. cxb6 axb6 12. bxc4 Nbd7 13. Nbd2 Nc5 14. Nb3 Na4 15. Be5 Nd7 16. Bxg7 Kxg7 17. Nfd4 Bxg2 18. Kxg2 Rac8 19. Rac1 Ne5 20. Rfd1 Nb2 21. Rd2 Nbxc4 22. Rdc2 Ra8 23. Rxc4 Nxc4 24. Rxc4 Rxa2 25. Rc7 Kf8 26. f4 Ra4 27. e3 Ra2+ 28. Kh3 Rd5 29. g4 h5 30. f5 hxg4+ 31. Kxg4 Rxh2 32. fxg6 Rg2+ 33. Kf3 Rxg6 34. e4 Rh5 35. Nf5 Kg8 36. Nxe7+ Kg7 37. Nxg6 Kxg6 38. Nd4 1-0

[Event "Early-Titled-Tuesday-Blitz-May-28-2024"]
[Site "Chess.com"]
[Date "2024.05.28"]
[Round "6"]
[White "amanjazu"]
[Black "secrethawk1"]
[Result "1-0"]
[WhiteElo "2565"]
[BlackElo "2415"]
[TimeControl "180+1"]
[EndTime "9:07:40 PDT"]
[Termination "amanjazu won by checkmate"]

1. e4 c5 2. Nc3 e6 3. Nf3 Nc6 4. d4 cxd4 5. Nxd4 a6 6. Be3 Qc7 7. Be2 b5 8. a3 Nf6 9. O-O Be7 10. Qd2 O-O 11. Rad1 Bb7 12. f4 d6 13. Bf3 Rac8 14.
Qf2 Na5 15. Bc1 Nc4 16. Rd3 Rfd8 17. b3 Na5 18. Re1 e5 19. Nf5 Bf8 20. g4 d5 21.
exd5 exf4 22. d6 Bxd6 23. Nxd6 Rxd6 24. Bxb7 Rxd3 25. Bxc8 Rxc3 26. Bf5 Nxb3 27. Bxf4 Qc5 28. cxb3 Qxf2+ 29. Kxf2 Rxb3 30. g5 g6 31. gxf6 h6 32. Re8+ Kh7 33. Be6 fxe6 34. f7 Rb2+ 35. Kf3 e5 36. f8=Q Rb3+ 37. Be3 e4+ 38. Kxe4 Rd3 39. Qh8# 1-0

[Event "Early-Titled-Tuesday-Blitz-May-28-2024"]
[Site "Chess.com"]
[Date "2024.05.28"]
[Round "6"]
[White "Bob_2004"]
[Black "OhanyanEminChess"]
[Result "1-0"]
[WhiteElo "2535"]
[BlackElo "2811"]
[TimeControl "180+1"]
[EndTime "9:07:41 PDT"]
[Termination "Bob_2004 won by resignation"]

1. d4 d5 2. c4 e6 3. Nc3 Nf6 4. cxd5 exd5 5. Bg5 c6 6. e3 h6 7. Bh4 Bd6 8. Bd3 Nbd7 9. Nge2 O-O 10. f3 Re8 11. e4 dxe4 12. fxe4 Be7 13. O-O Nf8 14. Kh1 Bg4 15. Qb3 Qb6 16. Qc2 Rad8 17. Bf2 Qa5 18.
h3 Bxe2 19. Nxe2 Ne6 20. Bc4 Bf8 21. Bh4 Nxd4 22. Nxd4 Rxd4 23. Bxf6 gxf6 24. Rxf6 Re7 25. Rxf7 Rxf7 26. Bxf7+ Kh8 27. Rf1 Rd2 28. Qb3 Qg5 29. Qf3 Rxb2 30. Bb3 Bg7 31. e5 Qxe5 32. Qf7 Kh7 33. Qg8+ Kg6 34. Qf7+ Kh7 35. Qg8+ Kg6 36. Bf7+ Kg5 37. Qd8+ Bf6 38. h4+ Kxh4 39. Qxf6+ Qxf6 40.
Rxf6 Kg3 41. Rg6+ Kf2 42. Rxh6 b5 43. Rxc6 a5 44. Ra6 a4 45. Kh2 Kf1 46. Bd5 Rd2 47.
Bc6 Rc2 48. Bxb5+ Ke1 49. Rxa4 1-0

[Event "Early-Titled-Tuesday-Blitz-May-28-2024"]
[Site "Chess.com"]
[Date "2024.05.28"]
[Round "6"]
[White "Likvidator228"]
[Black "Goryachkina"]
[Result "1/2-1/2"]
[WhiteElo "2535"]
[BlackElo "2685"]
[TimeControl "180+1"]
[EndTime "9:07:41 PDT"]
[Termination "Game drawn by repetition"]

1. d4 Nf6 2. Nf3 d5 3. Bf4 e6 4.
e3 Bd6 5. Bg3 c5 6. Nbd2 O-O 7.
c3 Qc7 8. Ne5 Nfd7 9. Bd3 f5 10.
Nxd7 Bxd7 11. Bxd6 Qxd6 12. f4 Nc6 13. O-O c4 14.
Bc2 b5 15. b4 a5 16. a3 Be8 17.
Qb1 Bh5 18. Bd1 Bxd1 19. Rxd1 Ra7 20. Qc2 Rfa8 21. Rab1 axb4 22. axb4 Ra3 23. Rb2 Nb8 24. Nb1 R3a6 25. Rd2 Nd7 26. Rd1 Qe7 27. Qf2 Ra1 28. Qf1 Nb6 29. Nd2 Qa7 30. Kf2 Qa3 31. Rxa1 Qxa1 32.
Qxa1 Rxa1 33. Rc2 Na4 34. Ke2 Ra3 35. Nb1 Rb3 36. Rc1 Rxb1 37. Rxb1 Nxc3+ 38. Kd2 Nxb1+ 39. Kc2 Kf7 40. Kxb1 Kg6 41. g3 Kh5 42. h3 g5 43.
Kc2 Kg6 44. Kd2 Kf6 45. Kc2 g4 46. h4 Kf7 47. Kc3 Ke7 48. Kc2 Kf7 49. Kc3 Ke7 50. Kc2 Kf7 1/2-1/2

[Event "Early-Titled-Tuesday-Blitz-May-28-2024"]
[Site "Chess.com"]
[Date "2024.05.28"]
[Round "6"]
[White "DanielNaroditsky"]
[Black "jcibarra"]
[Result "1/2-1/2"]
[WhiteElo "3070"]
[BlackElo "2917"]
[TimeControl "180+1"]
[EndTime "9:07:42 PDT"]
[Termination "Game drawn by repetition"]

1. c4 e5 2. Nc3 Nf6 3. Nf3 d6 4. d4 e4 5. Ng5 Qe7 6. g3 h6 7.
Nh3 c6 8. Bg2 Bf5 9. d5 c5 10.
Be3 g5 11. Ng1 Ng4 12. Qd2 Nxe3 13. Qxe3 Bg7 14. O-O-O O-O 15. Bxe4 Bxc3 16. Bxf5 Bxb2+ 17. Kxb2 Qf6+ 18. Qc3 Qxf5 19. Nf3 Re8 20. Rde1 Nd7 21. h4 g4 22. Nd2 Qxf2 23. Rhf1 Qe3 24. Rf4 Qxc3+ 25. Kxc3 Re3+ 26. Kc2 Rxg3 27. Ne4 Rg2 28. Nxd6 Rf8 29. h5 f5 30. Rxf5 Rxf5 31. Nxf5 Ne5 32. d6 Kf7 33. Kc3 Ke6 34. e4 Rh2 35. Rd1 Rh3+ 36. Kc2 Rh2+ 37. Kb1 Nd7 38. Rg1 Nf6 39.
Nxh6 Rxh5 40. Nf5 Rh2 41. Rd1 Nxe4 42. d7 Nc3+ 43. Kc1 Nxa2+ 44. Kb1 Nc3+ 45. Kc1 Na2+ 46. Kb1 Nc3+ 47. Kc1 Na2+ 1/2-1/2

[Event "Early-Titled-Tuesday-Blitz-May-28-2024"]
[Site "Chess.com"]
[Date "2024.05.28"]
[Round "6"]
[White "MatthewG-p4p"]
[Black "twofoxniel"]
[Result "1/2-1/2"]
[WhiteElo "2886"]
[BlackElo "2700"]
[TimeControl "180+1"]
[EndTime "9:07:44 PDT"]
[Termination "Game drawn by repetition"]

1. f4 d5 2. Nf3 Nf6 3. g3 Bg4 4. Bg2 c6 5. O-O Nbd7 6. d3 Bxf3 7. Bxf3 e5 8. Nc3 Bd6 9. e4 dxe4 10. dxe4 Bc5+ 11. Kh1 Qe7 12. Qe2 h5 13. f5 O-O-O 14.
Bg5 Bd4 15. Nd1 Bb6 16. a4 a6 17. a5 Ba7 18. Ne3 Qb4 19. c3 Qc5 20. Nc4 Kb8 21. b4 Qe7 22. Rad1 c5 23. b5 axb5 24. Nd6 b4 25. Qb5 Nf8 26. Nxb7 Rxd1 27. Nxc5+ Kc8 28. Qa6+ Kb8 29. Rxd1 Bxc5 30. cxb4 Bd4 31. Qb5+ Qb7 32. Qc4 N8d7 33. Qxf7 Ng4 34. Qxg7 Rc8 35. Bxg4 hxg4 36. f6 Qb5 37. Re1 Qd3 38. Be3 Bxe3 39. Qxg4 Bf2 40.
Rd1 Qe3 41. Kg2 Rc2 42. Kh3 Qh6+ 43. Qh4 Qxf6 44. Rxd7 Qe6+ 45. Qg4 Qh6+ 46. Qh4 Qe6+ 47. Qg4 Qh6+ 48. Qh4 Qe6+ 1/2-1/2

[Event "Early-Titled-Tuesday-Blitz-May-28-2024"]
[Site "Chess.com"]
[Date "2024.05.28"]
[Round "6"]
[White "edgarhay012"]
[Black "atbenina64"]
[Result "1-0"]
[WhiteElo "2631"]
[BlackElo "2782"]
[TimeControl "180+1"]
[EndTime "9:07:44 PDT"]
[Termination "edgarhay012 won by resignation"]

1. e4 c5 2. Nc3 Nc6 3. Bb5 Nd4 4. Bc4 e6 5. Nge2 a6 6. Nxd4 cxd4 7. Ne2 Nf6 8. d3 d5 9. exd5 e5 10. O-O Bc5 11.
Bg5 h6 12. Bxf6 gxf6 13. Ng3 f5 14. Qh5 Qg5 15. f4 exf4 16. Rae1+ Kf8 17. d6 Rh7 18. Re7 Qxh5 19. Nxh5 Bxd6 20. Re2 Rh8 21. Nxf4 Kg7 22. Rf3 Bd7 23. Ref2 Rae8 24. Kf1 Re3 25. Rxe3 dxe3 26. Rf3 Re8 27. Ke2 Bc6 28. Bd5 Bc5 29. Bxc6 bxc6 30. c3 Rb8 31. b4 Ba7 32. d4 a5 33. a3 axb4 34. axb4 Ra8 35. Rxe3 Bb8 36. Kf3 Ra2 37. Nh5+ Kg6 38. Nf4+ Bxf4 39. Kxf4 Rxg2 40. Rg3+ Rxg3 41.
hxg3 Kf6 42. c4 Ke6 43. b5 cxb5 44. cxb5 f6 45. b6 Kd6 46. Kxf5 Kc6 47. Kxf6 Kxb6 48. Ke6 Kc6 49. d5+ 1-0

[Event "Early-Titled-Tuesday-Blitz-May-28-2024"]
[Site "Chess.com"]
[Date "2024.05.28"]
[Round "6"]
[White "Losingexperience"]
[Black "Manukyan_Artak"]
[Result "1-0"]
[WhiteElo "2773"]
[BlackElo "2572"]
[TimeControl "180+1"]
[EndTime "9:07:44 PDT"]
[Termination "Losingexperience won by checkmate"]

1. e4 c6 2. d4 d5 3. Nc3 dxe4 4. Nxe4 Nf6 5. Nxf6+ exf6 6. Be3 Bd6 7. Bd3 O-O 8.
Ne2 Qc7 9. h3 Re8 10. O-O Nd7 11.
c4 Nf8 12. Qc2 Ng6 13. Rfe1 Bd7 14. Nc3 Kh8 15. Rad1 Nf4 16. Bf1 g6 17. Qd2 Nh5 18. c5 Bf8 19. d5 Ng7 20. Bd4 Rxe1 21. Rxe1 Ne8 22. d6 Qd8 23. Bc4 Kg8 24. Qf4 Bg7 25. Ne4 f5 26. Ng5 Bxd4 27. Nxf7 Qf6 28. Ne5+ Be6 29.
Qxd4 Bxc4 30. Qxc4+ Kg7 31. Nd7 Qxb2 32. Re7+ Kh8 33.
Ne5 Nf6 34. Qh4 Qc1+ 35. Kh2 Nh5 36. Nf7+ Kg8 37. d7 Qxc5 38. Re8+ Kxf7 39. d8=Q Rxd8 40. Qxd8 Nf6 41. Rh8 Kg7 42. Qb8 Qxf2 43. Qf8# 1-0

[Event "Early-Titled-Tuesday-Blitz-May-28-2024"]
[Site "Chess.com"]
[Date "2024.05.28"]
[Round "6"]
[White "bubeliang"]
[Black "Zq1"]
[Result "1-0"]
[WhiteElo "2791"]
[BlackElo "2550"]
[TimeControl "180+1"]
[EndTime "9:07:44 PDT"]
[Termination "bubeliang won on time"]

1. e4 c5 2. c3 d5 3. exd5 Nf6 4. Qa4+ Nbd7 5. Qb3 Nb6 6. Bb5+ Bd7 7. c4 g6 8. Nf3 Bg7 9. O-O O-O 10. Bxd7 Qxd7 11. d3 e6 12. dxe6 Qxe6 13. Nc3 Rfd8 14. Re1 Qd6 15. Bg5 Qxd3 16. Bxf6 Bxf6 17. Ne4 Bg7 18.
Qxd3 Rxd3 19. Nxc5 Rdd8 20. Nxb7 Rdb8 21. Nd6 Na4 22. Rab1 Nxb2 23. g3 Bf8 24. Nb5 Nxc4 25. Nc7 Rxb1 26. Rxb1 Rc8 27. Nd5 Kg7 28. Rb7 a5 29. Ng5 Nd6 30. Ra7 Rc2 31. Ne6+ Kg8 32. Nf6+ Kh8 33. Nxf8 Kg7 34. N8xh7 Rxa2 35. g4 a4 36. g5 Nf5 37. Ra8 Ne7 38. Nf8 Rc2 39.
N8d7 Rc4 40. Kg2 Rf4 41. Kg3 Rc4 42. Kf3 Rc3+ 43. Ke2 a3 44. Ne8+ Kh7 45. Ndf6+ Kh8 46.
Nc7+ Kg7 47. Ncd5 Nxd5 48. Nxd5 Rc2+ 49. Kd3 Rxf2 50. Nf6 1-0

[Event "Early-Titled-Tuesday-Blitz-May-28-2024"]
[Site "Chess.com"]
[Date "2024.05.28"]
[Round "6"]
[White "maracayo"]
[Black "GlavkonVVS"]
[Result "0-1"]
[WhiteElo "2378"]
[BlackElo "2574"]
[TimeControl "180+1"]
[EndTime "9:07:45 PDT"]
[Termination "GlavkonVVS won on time"]

1. e4 Nf6 2. e5 Nd5 3. Nf3 d6 4. d4 Bg4 5. Be2 e6 6. O-O Be7 7.
c4 Nb6 8. Nc3 O-O 9. b3 N8d7 10.
exd6 cxd6 11. Re1 a5 12. a4 Nf6 13. Ba3 d5 14. Bxe7 Qxe7 15. c5 Nbd7 16. Rb1 Rfc8 17.
h3 Bxf3 18. Bxf3 Qf8 19. Nb5 b6 20. cxb6 Nxb6 21. Qd2 Qb4 22. Qxb4 axb4 23. Rec1 g5 24. Nd6 Rd8 25. Nb7 Rdb8 26. Nc5 Nc8 27. Nd3 Nd6 28. Rc6 Nf5 29. Ne5 Nxd4 30. Rc7 Rf8 31. Bd1 Ne4 32. Ra1 Nc3 33. Nd7 Rfc8 34. Rxc8+ Rxc8 35. a5 Ra8 36. Nb6 Ra6 37. Bh5 Nxb3 38. Re1 Rxa5 39. Nd7 Kg7 40. Ne5 f6 41. Nc6 Ra1 42. Rxa1 Nxa1 43. Nxb4 d4 44. Kf1 e5 45. Ke1 f5 46. Kd2 Kf6 47. Bd1 Nxd1 48.
Kxd1 Nb3 49. g3 Nc5 50. Ke2 e4 51. Nc6 d3+ 52. Ke3 h6 53. Kd2 Ke6 54. Nd4+ Ke5 55. Nc6+ Kd5 56. Ne7+ Ke6 57. Nc6 Kd6 58. Nd4 Ke5 59.
Nc6+ Kf6 60. Ke3 Nb3 61. Nb4 Ke5 62. f4+ exf3 0-1

[Event "Early-Titled-Tuesday-Blitz-May-28-2024"]
[Site "Chess.com"]
[Date "2024.05.28"]
[Round "6"]
[White "NowInChess"]
[Black "jlf287"]
[Result "0-1"]
[WhiteElo "2238"]
[BlackElo "2496"]
[TimeControl "180+1"]
[EndTime "9:07:46 PDT"]
[Termination "jlf287 won by resignation"]

1. e4 e5 2. Nf3 Nc6 3. d4 exd4 4.
Bc4 Nf6 5. e5 d5 6. Bb5 Ne4 7.
Nxd4 Bd7 8. Bxc6 bxc6 9. O-O Bc5 10. f3 Ng5 11. f4 Ne4 12. Be3 Bb6 13. Nc3 c5 14. Nf3 Nxc3 15. bxc3 Bf5 16. a4 d4 17.
cxd4 cxd4 18. Bxd4 Bxc2 19. Qxc2 Bxd4+ 20. Nxd4 Qxd4+ 21. Qf2 Qxf2+ 22. Rxf2 O-O-O 23. Rc2 Rhe8 24. Rac1 Re7 25. Kf2 Rd4 26. Rc4 Red7 27. Ke3 Rd3+ 28. Ke4 Rd2 29. R1c2 R7d4+ 30. Ke3 Rxc2 31. Kxd4 Rxg2 32.
Kd5 Kd7 33. f5 Rd2+ 34. Kc5 Rxh2 35. Rd4+ Kc8 36. Kb5 Re2 37. e6 fxe6 38. fxe6 Re5+ 39. Ka6 Rxe6+ 40. Kxa7 c5 41. Rc4 Rc6 42. a5 g5 43.
a6 Kc7 44. Re4 c4 45. Re7+ Kd6 46. Rxh7 c3 47. Rh6+ Kd5 48. Rxc6 Kxc6 49. Kb8 c2 50. a7 c1=Q 51. a8=Q+ Kd6 52. Qa6+ Kd5 53. Qd3+ Ke5 54. Qe2+ Kf5 55. Qf3+ Qf4+ 56. Qxf4+ gxf4 0-1

[Event "Early-Titled-Tuesday-Blitz-May-28-2024"]
[Site "Chess.com"]
[Date "2024.05.28"]
[Round "6"]
[White "FrenchPlayer2203"]
[Black "zozik"]
[Result "0-1"]
[WhiteElo "2062"]
[BlackElo "2330"]
[TimeControl "180+1"]
[EndTime "9:07:46 PDT"]
[Termination "zozik won on time"]

1. d4 Nf6 2. c4 c5 3. d5 b5 4.
cxb5 a6 5. bxa6 Bxa6 6. Nc3 d6 7. e4 Bxf1 8. Kxf1 g6 9. Nf3 Bg7 10. g3 O-O 11. Kg2 Nbd7 12. Qc2 Ng4 13. a4 Qa5 14. Ra3 Rfb8 15. Nb5 Qb4 16. Bd2 Qxb2 17. Qxb2 Bxb2 18. Rb3 Bf6 19. a5 c4 20. Rbb1 Nc5 21. Nbd4 Nb3 22. Nc6 Rb5 23. Rhd1 c3 24. Bxc3 Bxc3 25.
Rd3 Nc5 26. Rxb5 Nxd3 27. Rb3 Ndxf2 28. Rxc3 Nxe4 29. Rb3 Nc5 30. Rb8+ Rxb8 31. Nxb8 Ne3+ 32. Kf2 Nxd5 33. a6 Nb6 34. a7 Kf8 35. Nd2 Ke8 36.
Nc4 Na8 37. Nc6 Kd7 38. Nd4 Kc7 39. Nb5+ Kb7 40. Ke3 d5 41. Ne5 f6 42. Nf7 Kb6 43. Nc3 Kxa7 44. Nxd5 Kb7 45. Nxe7 Nb6 46. Nh6 Kc7 47.
Nhg8 Nbd7 0-1